 Dungeon Crawl Stone Soup version 0.13-a0-3016-gcb2faac (webtiles) character file.

15678 PolkaDot the Cloud Mage (level 11, 0/66 HPs)
             Began as a Vampire Wizard on Sept 12, 2013.
             Was a High Priest of Vehumet.
             Slain by a wyvern (18 damage)
             ... on Level 12 of the Dungeon.
             The game lasted 01:50:20 (15451 turns).

PolkaDot the Cloud Mage (Vampire Wizard)           Turns: 15451, Time: 01:50:20

HP   0/66        AC  0     Str  1      XL: 11   Next: 98%
MP  28/28        EV 20     Int 23      God: Vehumet [*****.]
Gold 495         SH  0     Dex 17      Spells:  8 memorised,  6 levels left

Res.Fire  : . . .   See Invis. : +   N - melded staff of power
Res.Cold  : . . .   Warding    : .   m - melded +2 orc robe {rN+}
Life Prot.: . . .   Conserve   : +   (shield currently unavailable)
Res.Poison: .       Res.Corr.  : .   A - melded +0 elf wizard hat {Int+3} (curse)
Res.Elec. : .       Clarity    : .   (cloak currently unavailable)
Sust.Abil.: . .     Spirit.Shd : .   (gloves currently unavailable)
Res.Mut.  : .       Stasis     : .   g - melded +0 pair of boots (curse)
Res.Rott. : .       Flight     : +   s - amulet of conservation
Saprovore : . . .                    x - melded cursed +1 ring of dexterity
                                     e - melded +2 ring of strength

@: bat-form, overloaded, regenerating very quickly, flying, quick, somewhat
resistant to hostile enchantments, unstealthy
A: bottle blood, (fangs 0), see invisible, (unbreathing)
a: Bottle Blood, Renounce Religion


You were on level 12 of the Dungeon.
You worshipped Vehumet.
Vehumet was extremely pleased with you.
You were overloaded with stuff.
You were almost alive.
You were in vampire bat-form.
You visited 2 branches of the dungeon, and saw 13 of its levels.

You collected 475 gold pieces.

Inventory:

Armour
 g - a cursed +0 pair of boots (melded)
 m - a +2 orcish robe of positive energy (melded)
 A - a cursed +0 elven wizard hat of intelligence (melded)
Magical devices
 d - a wand of disintegration (11)
 p - a wand of disintegration (23)
 B - a wand of draining (3)
 M - a wand of frost (11) {unknown}
 P - a wand of random effects (7) {unknown}
Scrolls
 a - 7 scrolls of identify
 q - 2 scrolls of enchant weapon II
 w - a scroll of immolation {unknown}
 y - 7 scrolls of teleportation
 C - a scroll of curse weapon {unknown}
 D - a scroll of amnesia {unknown}
 J - a scroll of recharging
 K - 2 scrolls of fog {unknown}
 O - a scroll of enchant armour {unknown}
Jewellery
 e - a +2 ring of strength (melded)
 l - an uncursed ring of protection from fire
 r - the ring "Ficafukh" {Hunger- +Fly rF- rC+ MR++ Dam+5}
   (You found it on level 4 of the Dungeon)

   [ring of sustenance]

   It affects your damage-dealing abilities (+5).
   It makes you vulnerable to fire.
   It protects you from cold.
   It affects your resistance to hostile enchantments.
   It lets you fly.
 s - an amulet of conservation (around neck)
 x - a cursed +1 ring of dexterity (melded)
Potions
 h - a potion of heal wounds
 i - a potion of resistance
 k - 5 potions of blood
 o - a potion of restore abilities
 v - 4 potions of curing
Books
 c - a book of Minor Magic

   Spells                             Type                      Level
   *Magic Dart                        Conjuration                  1
   Blink                              Translocation                2
   Call Imp                           Summoning                    2
   Repel Missiles                     Charms/Air                   2
   Slow                               Hexes                        2
   *Conjure Flame                     Conjuration/Fire             3
   *Mephitic Cloud                    Conjuration/Poison/Air       3
 t - the Collected Works on Supportive Conjuration
   (You found it on level 9 of the Dungeon)

   Spells                             Type                      Level
   *Magic Dart                        Conjuration                  1
   Summon Butterflies                 Summoning                    1
   Throw Flame                        Conjuration/Fire             2
   *Mephitic Cloud                    Conjuration/Poison/Air       3
   Iron Shot                          Conjuration/Earth            6
   Summon Hydra                       Summoning                    7
 F - a book of Frost

   Spells                             Type                      Level
   Freeze                             Ice                          1
   Throw Frost                        Conjuration/Ice              2
   Ozocubu's Armour                   Charms/Ice                   3
   Throw Icicle                       Conjuration/Ice              4
   Summon Ice Beast                   Ice/Summoning                4
   Condensation Shield                Ice                          4
 G - a book of the Dragon

   Spells                             Type                      Level
   *Flight                            Charms/Air                   3
   Cause Fear                         Hexes                        4
   Bolt of Fire                       Conjuration/Fire             6
   Dragon Form                        Transmutation                7
   Summon Dragon                      Summoning                    9
 H - the Collected Works on Dusty Transformation
   (You found it on level 12 of the Dungeon)

   Spells                             Type                      Level
   Beastly Appendage                  Transmutation                1
   Passwall                           Transmutation/Earth          3
   Alistair's Intoxication            Transmutation/Poison         4
   Petrify                            Transmutation/Earth          4
 L - the Volume of Evil and Good Luck
   (You found it on level 10 of the Dungeon)

   Spells                             Type                      Level
   Animate Skeleton                   Necromancy                   1
   Corpse Rot                         Necromancy                   2
   Regeneration                       Charms/Necromancy            3
   Excruciating Wounds                Charms/Necromancy            5
   Twisted Resurrection               Necromancy                   5
Magical staves
 N - an uncursed staff of power (melded)


   Skills:
 - Level 2.1 Dodging
 - Level 3.0 Stealth
 * Level 8.6 Spellcasting
 - Level 8.0 Conjurations
 + Level 5.3 Charms
   Level 1.0 Summonings
   Level 0.7 Translocations
 + Level 13.0 Air Magic


You had 6 spell levels left.
You knew the following spells:

 Your Spells              Type           Power        Failure   Level  Hunger
a - Magic Dart            Conj           ####         1%          1    None
d - Conjure Flame         Conj/Fire      ####....     4%          3    None
f - Mephitic Cloud        Conj/Pois/Air  #####...     1%          3    None
q - Iskenderun's Battles  Conj/Chrm      #####...     4%          4    ##.....
s - Searing Ray           Conj           #####.       1%          2    None
w - Flight                Chrm/Air       ######....   3%          3    None
x - Airstrike             Air            ######....   1%          4    ##.....
z - Shock                 Conj/Air       ####         1%          1    None


Dungeon Overview and Level Annotations

Branches:
Dungeon (12/27)            Temple (1/1) D:4             Orc (0/4) D:9
   Lair (0/8) D:10

Altars:
Ashenzari
Cheibriados
Elyvilon
Fedhas
Kikubaaqudgha
Makhleb
Nemelex Xobeh
Okawaru
Sif Muna
Trog
Vehumet
Xom
Yredelemnul
Zin
the Shining One

Shops:
D:7 }


Innate Abilities, Weirdness & Mutations

Your natural rate of healing is extremely fast.
You can bottle blood from corpses.
((You have razor-sharp teeth.))*
You have supernaturally acute eyesight.
((You can survive without breathing.))*


Message History

You drop a potion of might.
The wyvern bites you!
You stop dropping stuff.
* * * LOW HITPOINT WARNING * * *
Drop what? (_ for help) (? for menu, Esc to quit)
You drop an uncursed staff of death.
The wyvern bites you.
You stop dropping stuff.
* * * LOW HITPOINT WARNING * * *
Drop what? (_ for help) (? for menu, Esc to quit)
You drop a wand of polymorph {zapped: 4}.
The wyvern misses you.
Drop what? (_ for help) (? for menu, Esc to quit)
Drop what? (_ for help) (? for menu, Esc to quit)
You drop a cursed ring of teleport control.
The wyvern misses you.
Drop what? (_ for help) (? for menu, Esc to quit)
Okay, then.
The wyvern completely misses you. The wyvern closely misses you.
You see here a giant club.
The wyvern bites you!
You die...

##.....#..............#
##.....#........[.....#
##.....#..............#
##...........####'#####
###'#.......# #)#
####.#.......# #)#
.............# #.#
........####.####.#
........#
#.).Db.##############
......).#
#)###..<............#
....#...# #.#
#.........###.###
....#...# #.# #...#####.#
#.# ....##### #.# #...#
#.# #.# ....########.#
##.## #.# #.#
.....#.......####.######.#
#.#
###......................#
#.#
#..#'####..............#
#.#


You could see a wyvern.

Vanquished Creatures
  Josephine (D:10)
  A centaur warrior (D:10)
  Erolcha (D:12)
  3 hill giants
  3 unseen horrors
  A cyclops (D:10)
  A moth of wrath (shapeshifter) (D:10)
  A griffon (D:9)
  The ghost of 4tharraofdagon the Firebug, an experienced HEFE of Sif Muna (D:8)
  Psyche (D:8)
  A fire drake (D:10)
  A troll (D:9)
  An ugly thing (D:9)
  A shadow (D:11)
  Eustachio (D:6)
  5 yaks (D:8)
  A wyvern (D:11)
  4 hippogriffs
  A manticore (D:11)
  A soldier ant (D:12)
  A mottled dragon (D:10)
  6 orc warriors
  2 ice beasts
  A yellow wasp (D:12)
  A sky beast (D:9)
  A phantom (D:6)
  7 ogres
  3 centaurs
  2 big kobolds (D:9)
  A water moccasin (D:12)
  8 giant frogs
  Blork the orc (D:4)
  2 cyclops zombies
  A cyclops skeleton (D:10)
  An eye of draining (D:11)
  A yak zombie (D:8)
  6 wights
  A hippogriff zombie (D:8)
  A manticore skeleton (D:9)
  11 killer bees
  A troll skeleton (D:10)
  A hippogriff skeleton (D:10)
  3 goliath beetles
  10 crimson imps
  A quasit (D:12)
  A giant frog skeleton (D:12)
  4 orc priests
  A centaur skeleton (D:10)
  A giant frog zombie (D:10)
  2 hounds
  4 jellies
  5 iguanas
  8 orc wizards
  4 scorpions
  9 worker ants
  A big kobold zombie (D:12)
  A mottled dragon skeleton (D:11)
  A hound zombie (D:10)
  A crocodile skeleton (D:10)
  4 mummies
  16 adders
  A giant centipede (D:12)
  13 gnolls
  A giant mite (D:4)
  An inept feature mimic (D:5)
  7 worms
  An adder zombie (D:5)
  2 adder skeletons
  4 giant eyeballs
  7 giant geckos
  An ooze (D:1)
  43 orcs
  6 ball pythons
  9 giant cockroaches
  12 hobgoblins
  16 kobolds
  A quokka (D:12)
  17 bats
  5 giant newts (D:1)
  A giant spore (D:10)
  9 goblins
  A goblin skeleton (D:4)
  18 jackals
  An orc skeleton (D:6)
  2 quokka skeletons
  13 rats
  A rat skeleton (D:7)
  15 ballistomycetes
376 creatures vanquished.

Vanquished Creatures (collateral kills)
  A hound (D:12)
1 creature vanquished.

Vanquished Creatures (others)
  A giant cockroach (D:7)
  A giant spore (D:7)
2 creatures vanquished.

Grand Total: 379 creatures vanquished

Notes
Turn   | Place    | Note
--------------------------------------------------------------
     0 | D:1      | PolkaDot, the Vampire Wizard, began the quest for the Orb.
     0 | D:1      | Reached XP level 1. HP: 11/11 MP: 6/6
    44 | D:1      | Reached skill level 1 in Conjurations
   194 | D:1      | Reached XP level 2. HP: 17/17 MP: 0/8
   957 | D:1      | Reached XP level 3. HP: 22/22 MP: 5/10
  1494 | D:2      | Reached XP level 4. HP: 16/28 MP: 0/12
  2426 | D:3      | Learned a level 3 spell: Conjure Flame
  2430 | D:3      | Learned a level 3 spell: Mephitic Cloud
  2594 | D:3      | Reached XP level 5. HP: 33/33 MP: 7/13
  3182 | D:3      | Reached skill level 4 in Conjurations
  3592 | D:4      | Noticed Blork the orc
  3593 | D:4      | Found a staircase to the Ecumenical Temple.
  3600 | Temple   | Entered the Ecumenical Temple
  3663 | Temple   | Became a worshipper of Vehumet
  3702 | D:5      | Entered Level 5 of the Dungeon
  3814 | D:5      | Noticed an ogre
  3824 | D:5      | Killed an ogre
  3824 | D:5      | Reached skill level 1 in Air Magic
  3824 | D:5      | Reached XP level 6. HP: 39/39 MP: 1/15
  4025 | D:4      | Got a fabulously ornate robe
  4026 | D:4      | Identified the cursed -4 robe of Submission {+Rage rF++ Dam+4 Curse} (You found it on level 4 of the Dungeon)
  4209 | D:4      | Killed Blork the orc
  4226 | D:4      | Reached skill level 5 in Conjurations
  4353 | D:4      | Reached XP level 7. HP: 23/44 MP: 2/17
  4366 | D:4      | Acquired Vehumet's first power
  4366 | D:4      | Offered knowledge of Shock by Vehumet.
  4369 | D:4      | Learned a level 1 spell: Shock
  4381 | D:4      | Paralysed by a giant eyeball for 3 turns
  4388 | D:4      | Paralysed by a giant eyeball for 3 turns
  4620 | D:4      | Got a heavily runed ivory ring
  4623 | D:4      | Identified the ring "Ficafukh" {Hunger- +Fly rF- rC+ MR++ Dam+5} (You found it on level 4 of the Dungeon)
  4643 | D:4      | Noticed an ogre
  4662 | D:4      | Killed an ogre
  5259 | D:5      | Noticed an ogre
  5263 | D:5      | Noticed an ogre
  5275 | D:5      | Killed an ogre
  5332 | D:5      | Killed an ogre
  5677 | D:6      | Found a staircase to the Orcish Mines.
  5681 | D:6      | Noticed Eustachio
  5681 | D:6      | the staircase to the Orcish Mines was a mimic.
  5766 | D:6      | Reached skill level 5 in Air Magic
  5772 | D:6      | Reached XP level 8. HP: 34/50 MP: 2/20
  5857 | D:6      | Killed Eustachio
  6046 | D:6      | Offered knowledge of Throw Flame by Vehumet.
  6066 | D:6      | Reached skill level 6 in Air Magic
  6700 | D:7      | Reached skill level 5 in Spellcasting
  6788 | D:7      | Reached skill level 7 in Air Magic
  6790 | D:7      | Offered knowledge of Searing Ray by Vehumet.
  6881 | D:7      | Learned a level 2 spell: Searing Ray
  7089 | D:7      | Found Ronkympy's Gadget Boutique.
  7108 | D:7      | Reached XP level 9. HP: 55/55 MP: 18/22
  7389 | D:7      | Acquired Vehumet's second power
  7508 | D:7      | Reached skill level 8 in Air Magic
  8019 | D:7      | Offered knowledge of Airstrike by Vehumet.
  8025 | D:7      | Learned a level 4 spell: Airstrike
  8205 | D:8      | Reached skill level 9 in Air Magic
  8212 | D:8      | Noticed Psyche
  8223 | D:8      | Killed Psyche
  8364 | D:8      | Reached skill level 10 in Air Magic
  8373 | D:8      | Reached XP level 10. HP: 25/61 MP: 3/23
  8651 | D:8      | Noticed 4tharraofdagon's ghost (experienced HEFE)
  8890 | D:8      | Killed 4tharraofdagon's ghost
  8915 | D:8      | Acquired Vehumet's third power
  9436 | D:8      | Offered knowledge of Iskenderun's Battlesphere by Vehumet.
  9893 | D:9      | Got a transparent leather armour
  9894 | D:9      | Identified the cursed +0 leather armour of Hopscotch {+Blink} (You found it on level 9 of the Dungeon)
 10041 | D:9      | Noticed a griffon
 10057 | D:9      | Killed a griffon
 10057 | D:9      | Reached skill level 11 in Air Magic
 10360 | D:9      | Learned a level 4 spell: Iskenderun's Battlesphere
 10523 | D:9      | Identified the Collected Works on Supportive Conjuration
 10609 | D:9      | Found a staircase to the Orcish Mines.
 11478 | D:10     | Entered Level 10 of the Dungeon
 11506 | D:10     | Offered knowledge of Lightning Bolt by Vehumet.
 11509 | D:10     | Noticed Josephine
 11522 | D:10     | Killed Josephine
 11522 | D:10     | Reached skill level 12 in Air Magic
 11592 | D:10     | Found a staircase to the Lair.
 11601 | D:10     | Reached XP level 11. HP: 62/66 MP: 15/25
 11733 | D:10     | Learned a level 3 spell: Flight
 11878 | D:10     | Identified the Volume of Evil and Good Luck
 11952 | D:10     | Reached skill level 1 in Charms
 12115 | D:10     | Noticed a cyclops
 12115 | D:10     | Noticed a hill giant
 12119 | D:10     | Killed a hill giant
 12126 | D:10     | Killed a cyclops
 12143 | D:10     | Noticed a centaur warrior
 12162 | D:10     | Killed a centaur warrior
 12560 | D:11     | Noticed an unseen horror
 12564 | D:11     | Killed an unseen horror
 13545 | D:11     | Paralysed by a potion of paralysis for 6 turns
 13760 | D:12     | Noticed an unseen horror
 13763 | D:12     | Killed an unseen horror
 13947 | D:12     | Noticed Erolcha
 13952 | D:12     | Killed Erolcha
 14021 | D:12     | Identified the Collected Works on Dusty Transformation
 14114 | D:12     | Noticed an unseen horror
 14120 | D:12     | Killed an unseen horror
 14226 | D:12     | Noticed a hill giant
 14271 | D:12     | Killed a hill giant
 14413 | D:12     | Reached skill level 5 in Charms
 14433 | D:12     | Noticed a hill giant
 14452 | D:12     | Killed a hill giant
 15057 | D:12     | Reached skill level 13 in Air Magic
 15451 | D:12     | Slain by a wyvern

Action                   |  1- 3 |  4- 6 |  7- 9 | 10-12 || total
-------------------------+-------+-------+-------+-------++-------
Melee: Unarmed           |    28 |       |       |    23 ||    51
       Dagger            |     7 |       |       |       ||     7
       Short sword       |     4 |    28 |   110 |       ||   142
       Long sword        |       |       |    20 |    25 ||    45
       Spear             |       |       |       |    39 ||    39
       Staff             |       |       |       |    32 ||    32
 Cast: Magic Dart        |   102 |   205 |   299 |   107 ||   713
       Mephitic Cloud    |       |     6 |    14 |     6 ||    26
       Conjure Flame     |       |     1 |     5 |    30 ||    36
       Shock             |       |       |     3 |       ||     3
       Searing Ray       |       |       |    24 |    81 ||   105
       Airstrike         |       |       |     5 |   100 ||   105
       Iskenderun's Batt |       |       |       |     3 ||     3
 Abil: Bottle Blood      |       |     5 |    32 |    37 ||    74
Evoke: Wand              |       |       |       |     5 ||     5
  Use: Scroll            |     2 |    10 |     4 |    11 ||    27
       Potion            |     1 |     7 |    22 |    64 ||    94
 Stab: Confused          |       |     1 |     5 |       ||     6
